 Dungeon Crawl Stone Soup version 0.24.0-2-g5b39cebb1c (webtiles) character file.

Game seed: 14436013010255476520, levelgen mode: deterministic

226 mortelune the Changer (level 6, -4/51 HPs)
             Began as a Naga Transmuter on Oct 29, 2019.
             Killed by divine providence
             ... invoked by an orc priest
              (9 damage)
             ... on level 3 of the Dungeon.
             The game lasted 00:16:04 (5295 turns).

mortelune the Changer (Naga Transmuter)             Turns: 5295, Time: 00:16:04

Health: -4/51      AC:  3    Str: 12    XL:     6   Next: 1%
Magic:  2/10       EV: 10    Int: 16    God:
Gold:   233        SH:  0    Dex: 11    Spells: 4/10 levels left

rFire    + . .     SeeInvis +   b - +1 spear
rCold    x . .     Gourm    .   (no shield)
rNeg     . . .     Faith    .   c - +0 robe
rPois    +         Spirit   .   h - +0 hat {MR+}
rElec    .         Reflect  .   (no cloak)
rCorr    .         Harm     .   (no gloves)
MR       +....                  (no barding)
Stlth    +.........             (no amulet)
HPRegen  0.17/turn              t - ring of fire
MPRegen  0.12/turn              (no ring)

@: flying, very slightly contaminated, very slow
A: large, see invisible, deformed body, poison resistance, slowness 2, slow
metabolism 1, spit poison 1, AC +2
a: Spit Poison


You were on level 3 of the Dungeon.
You were hungry.

You visited 1 branch of the dungeon, and saw 3 of its levels.

You collected 233 gold pieces.

Inventory:

Hand Weapons
 a - a +0 hunting sling
 b - a +1 spear (weapon)
 n - a +0 short sword
Missiles
 f - 32 arrows
 g - 45 stones (quivered)
Armour
 c - a +0 robe (worn)
 h - a +0 hat of magic resistance (worn)
Jewellery
 t - a ring of fire (left hand)
Wands
 p - a wand of digging (5)
 r - a wand of disintegration (9)
Scrolls
 e - a scroll of identify
 j - a scroll of fog
 l - a scroll of remove curse
 o - a scroll of fear
Potions
 i - a potion of flight
 k - a potion of heal wounds
 m - 3 potions of agility
Comestibles
 d - 9 rations


   Skills:
 - Level 1.0 Fighting
 - Level 1.5 Dodging
 - Level 3.0 Unarmed Combat
 + Level 2.7 Spellcasting
 * Level 5.6 Transmutations


You had 4 spell levels left.
You knew the following spells:

 Your Spells              Type           Power        Failure   Level  Hunger
a - Beastly Appendage     Tmut           ###...       1%          1    #......
b - Sticks to Snakes      Tmut           ###.....     2%          2    ##.....
c - Spider Form           Tmut/Pois      ##........   19%         3    ###....

Your spell library contained the following spells:

 Spells                   Type           Power        Failure   Level  Hunger
 Ice Form                 Ice/Tmut       ##......     52%         4    #####..
 Blade Hands              Tmut           ###.......   45%         5    ######.


Dungeon Overview and Level Annotations

Branches:
Dungeon (3/15)

Altars:


Innate Abilities, Weirdness & Mutations

You cannot wear boots.
Your serpentine skin is tough. (AC +2)
You have supernaturally acute eyesight. (SInv)
Armour fits poorly on your strangely shaped body.
Your system is resistant to poisons. (rPois)
You cover ground very slowly.
You have a slow metabolism.
You can spit poison.


Message History

* * * LOW HITPOINT WARNING * * *
Casting: Spider Form (safe; 19% risk of failure)
Confirm with . or Enter, or press ? or * to list all spells.
You miscast Spider Form.
Nothing appears to happen.
The orc hits you but does no damage. The orc priest closely misses you.
It was a potion of flight.
You feel very buoyant.
You fly up into the air.
The orc closely misses you. The orc priest hits you with a +0 whip.
* * * LOW HITPOINT WARNING * * *
Evoke which item? (* to show all) (? for menu, Esc to quit)
Aiming: Disintegrate
Press: ? - help, Shift-Dir - straight line, f - orc priest
Aim: an orc priest, wielding a +0 whip and wearing a +0 leather armour (moderately wounded, poisoned, chance to defeat MR: 65%)
The orc priest struggles to resist.
The orc hits you from afar with a +0 trident!
* * * LOW HITPOINT WARNING * * *
The orc priest invokes the aid of Beogh against you.
Beogh smites you!
You die...

#####.###.###.# ######.##
...##..<......# #.#
##.##.###.###.# #.# ....#รท#
#.###.# ##'## ......# #.....#
##...## ......######..# ##.....##
## [.....#.......# ##.......##
##.
#..#..#.###...####o........####..
................@or........'.....
...#.##.#.#...####.........####..
.###.##......## ##.......## ###.
.###.####.#### ##.....## #...
.....# #.# ##...## #.## .#####
#.# ##'## #.*# .# ##.###### #.#
#,*# .# #.......# #.#######,*# .#
#..####.# ##..<[...#,##


You could see an orc priest, an orc and a rat.

Vanquished Creatures
  An orc priest (D:3)
  An orc wizard (D:3)
  6 adders
  2 worms (D:2)
  3 dart slugs (D:3)
  A leopard gecko (D:3)
  14 orcs (D:3)
  A ball python (D:2)
  10 bats
  2 giant cockroaches (D:3)
  6 goblins
  7 hobgoblins
  4 kobolds
  2 quokkas (D:3)
  8 frilled lizards
  4 rats
72 creatures vanquished.

Vanquished Creatures (collateral kills)
  A worker ant (D:3)
  2 adders
  An orc (D:3)
  A hobgoblin (D:3)
  A kobold (D:2)
6 creatures vanquished.

Vanquished Creatures (others)
  A rat (D:3)
1 creature vanquished.

Grand Total: 79 creatures vanquished

Notes
Turn   | Place    | Note
-------+----------+-------------------------------------------
     0 | D:1      | mortelune the Naga Transmuter began the quest for the Orb.
     0 | D:1      | Reached XP level 1. HP: 18/18 MP: 3/3
   468 | D:1      | Reached XP level 2. HP: 25/25 MP: 3/5
   917 | D:1      | Reached skill level 3 in Transmutations
  1452 | D:1      | Learned a level 2 spell: Sticks to Snakes
  1834 | D:2      | Reached XP level 3. HP: 23/31 MP: 3/6
  1911 | D:2      | Learned a level 3 spell: Spider Form
  2262 | D:2      | Reached skill level 4 in Transmutations
  2655 | D:2      | Reached XP level 4. HP: 38/38 MP: 3/7
  3975 | D:3      | Reached XP level 5. HP: 22/44 MP: 6/8
  4244 | D:3      | Reached skill level 5 in Transmutations
  5286 | D:3      | Reached XP level 6. HP: 22/51 MP: 7/10
  5295 | D:3      | Killed from afar by an orc priest

Levels and vault maps discovered:
D:1:      tarquinn_simple_flora_water_d, layout_basic
D:2:      layout_loops_ring, first_ration
D:3:      layout_loops_corners, kennysheep_decorative_pillar

Skill      XL: |  1  2  3  4  5 |
---------------+----------------+-----
Transmutations | 3 4 5 |  5.6
Fighting       | |  1.0
Dodging        | |  1.5
Unarmed Combat | |  3.0
Spellcasting   | |  2.7

Action                   |  1- 3 |  4- 6 || total
-------------------------+-------+-------++-------
Melee: Unarmed           |    53 |    92 ||   145
       Headbutt          |     5 |       ||     5
       Spear             |    18 |    44 ||    62
       Short sword       |     3 |       ||     3
 Fire: Hunting sling     |    29 |       ||    29
 Cast: Beastly Appendage |    13 |     2 ||    15
       Sticks to Snakes  |     3 |     6 ||     9
       Spider Form       |     1 |    20 ||    21
 Abil: Spit Poison       |     7 |     2 ||     9
Evoke: Wand              |       |     3 ||     3
  Use: Scroll            |       |     9 ||     9
       Potion            |       |     2 ||     2
 Stab: Sleeping          |     1 |       ||     1
       Distracted        |       |     1 ||     1
  Eat: Chunk             |     4 |    10 ||    14
Armor: Robe              |    19 |     6 ||    25
       Skin              |       |     1 ||     1
Dodge: Dodged            |    61 |    95 ||   156
